 Dungeon Crawl Stone Soup version 0.31-a0-331-geda263fcf1 (webtiles) character file.

Game seed: 17630127461500904547

200 LeprechaunX the Changeling (level 5, -6/36 HPs)
             Began as an Octopode Shapeshifter on July 19, 2023.
             Killed by divine providence
             ... invoked by an orc priest
              (14 damage)
             ... on level 4 of the Dungeon.
             The game lasted 00:04:15 (2591 turns).

LeprechaunX the Changeling (Octopode Shapeshifter)  Turns: 2591, Time: 00:04:16

Health: -6/36      AC:  1    Str: 16    XL:     5   Next: 78%
Magic:  5/5        EV: 13    Int: 10    God:
Gold:   193        SH:  0    Dex: 13    Spells: 4/4 levels left

rFire   . .          .
                       - Unarmed
rCold   . . .        (no shield)
rNeg    . . .        (helmet currently unavailable)
rPois   .            (no amulet)
rElec   .            (no ring)
rCorr   .            (no ring)
SInv    .            (no ring)
Will    .....        (no ring)
Stlth   ++           (no ring)
HPRegen 0.26/turn    (no ring)
MPRegen 0.09/turn    (no ring)
                     (no ring)

%: no passive effects
@: beast-form
A: beast (slay +2), almost no armour, amphibious, 8 rings, camouflage 1,
gelatinous body 1, (nimble swimmer 1), tentacles
a: Begin Untransformation


You were on level 4 of the Dungeon.
You were a hulking beast.
You visited 1 branch of the dungeon, and saw 4 of its levels.

You collected 193 gold pieces.

Inventory:

Missiles
 m - 5 poisoned darts (quivered)
Talismans
 b - a beast talisman
Scrolls
 c - a scroll of immolation {unknown}
 d - 4 scrolls of identify {unknown}
 f - 3 scrolls of vulnerability {unknown}
 h - a scroll of butterflies {unknown}
 i - a scroll of silence {unknown}
 l - a scroll of fear {unknown}
Potions
 a - a potion of lignification
 e - a potion of degeneration {unknown}
 g - 2 potions of brilliance {unknown}
 j - a potion of enlightenment {unknown}
 k - a potion of cancellation {unknown}
 n - a potion of curing {unknown}
 o - a potion of berserk rage {unknown}


   Skills:
 + Level 2.8 Fighting
 + Level 2.9 Dodging
 * Level 3.7 Unarmed Combat
 * Level 4.0 Shapeshifting


You had 4 spell levels left.
You didn't know any spells.
Your spell library contained the following spells:

 Spells                   Type           Power      Damage    Failure   Level
 Magic Dart               Conj           0%         1d3       36%         1
 Call Imp                 Summ           0%         N/A       50%         2
 Mephitic Cloud           Conj/Pois/Air  0%         N/A       75%         3


Dungeon Overview and Level Annotations

Branches:
Dungeon (4/15)
 Temple: D:4-7

Altars:

Shops:
D:1 =(*


Innate Abilities, Weirdness & Mutations

You are a hulking beast.
Your limbs bulge with bestial killing power. (Slay +2)
You cannot wear most types of armour.
You are amphibious.
You can wear up to eight rings at the same time.
Your skin changes colour to match your surroundings (Stealth+).
Your rubbery body absorbs attacks. (AC +1, EV +1)
((You are camouflaged when in or above water. (Stealth+)))
You have tentacles for arms and can constrict up to eight enemies at once.


Message History

There are monsters nearby!
An orc comes into view. It is wielding a +0 club.
The orc completely misses you.
You tentacle-slap the orc. You grab the orc.
The orc is lightly wounded.
You constrict the orc. The orc hits you with a +0 morningstar!
You tentacle-slap the orc.
You kill the orc!
You tentacle-slap the orc. Your grab misses the orc.
Your squeeze misses the orc.
The orc is heavily wounded.
The orc misses you.
You barely miss the orc. Your grab misses the orc.
The orc is heavily wounded.
The orc closely misses you.
You tentacle-slap the orc.
You kill the orc!
The orc priest shouts!
The orc shouts!
The orc priest calls down the wrath of Beogh upon you.
Pain shoots through your body!
Things that are here:
a +0 whip; a +0 morningstar; an orc corpse You are too injured to fight recklessly!
You are too injured to fight recklessly!
You are too injured to fight recklessly!
You are too injured to fight recklessly!
The orc priest hits you with a +0 dagger.
* * * LOW HITPOINT WARNING * * *
You tentacle-slap the orc priest. Your grab misses the orc priest.
The orc priest is lightly wounded.
The orc priest hits you with a +0 dagger.
* * * LOW HITPOINT WARNING * * *
An adder comes into view.
The adder hisses angrily.
You tentacle-slap the orc priest. You grab the orc priest.
The orc priest is heavily wounded.
You constrict the orc priest.
The orc priest calls down the wrath of Beogh upon you.
Beogh smites you!
You die...

#.# #.# #.####
#....## #
#.###.# ...#
#.######
###.###......#
#...<#####.####
#.#.....)ho...#
#.########o##S#
#. .# .# .# ..
.# .#


You could see an orc priest, an adder and an orc.

Vanquished Creatures
  Natasha (twice) (D:2)
  Robin (D:2)
  3 adders
  2 worms (D:3)
  2 dart slugs (D:3)
  4 orcs
  5 endoplasms
  10 giant cockroaches
  12 goblins
  9 hobgoblins
  4 jackals (D:3)
  8 kobolds
  4 quokkas
  10 ball pythons
  5 bats
  8 frilled lizards
  2 rats
91 creatures vanquished.

Notes
Turn   | Place    | Note
-------+----------+-------------------------------------------
     0 | D:1      | LeprechaunX the Octopode Shapeshifter began the quest for
                  | the Orb.
     0 | D:1      | Reached XP level 1. HP: 14/14 MP: 1/1
    35 | D:1      | Found Edeal's Assorted Antiques.
    54 | D:1      | Reached XP level 2. HP: 3/19 MP: 2/2
   152 | D:1      | Found Ymmefe's Antique Weapon Shop.
   175 | D:1      | Found Ocimuon's Jewellery Emporium.
   350 | D:1      | Reached XP level 3. HP: 8/24 MP: 3/3
   842 | D:2      | Noticed Robin
  1009 | D:2      | Reached XP level 4. HP: 30/30 MP: 4/4
  1019 | D:2      | Killed Robin
  1319 | D:2      | Noticed Natasha
  1328 | D:2      | Killed Natasha
  1541 | D:2      | Noticed Natasha
  1545 | D:2      | Killed Natasha
  1546 | D:2      | Reached XP level 5. HP: 30/35 MP: 5/5
  2243 | D:3      | Reached skill level 4 in Shapeshifting
  2591 | D:4      | Killed from afar by an orc priest

Illustrated notes

Levels and vault maps discovered:
D:1:      lightli_iron_boxes, layout_rooms, serial_shops, nicolae_shop_trees,
          shop, nicolae_shop_crystal
D:2:      layout_basic, uniq_robin, uniq_natasha
D:3:      layout_loops_cross
D:4:      layout_loops_ring, bloody_makhleb, nicolae_overflow_two_pavilions

Skill      XL: |  1  2  3  4  5 |
---------------+----------------+-----
Unarmed Combat | 3 |  3.7
Shapeshifting  | 4 |  4.0
Fighting       | |  2.8
Dodging        | |  2.9

Action                     |  1- 3 |  4- 6 || total
---------------------------+-------+-------++-------
  Melee: Unarmed           |    80 |    91 ||   171
         Tentacles         |    15 |    12 ||    27
         Constrict         |    23 |    26 ||    49
         Punch             |     2 |     3 ||     5
   Stab: Sleeping          |     5 |     5 ||    10
 Armour: Skin              |    10 |     6 ||    16
  Dodge: Dodged            |    74 |    74 ||   148

Table legend: (Time is in decaauts)
 A = Elapsed time spent in this place.
 B = Non-inter-level travel time spent in this place.
 C = Inter-level travel time spent in this place.
 D = Time resting spent in this place.
 E = Time spent auto-exploring this place.
 F = Levels seen in this place.
 G = Mean time per level.
                   A        B        C        D        E       F      G
               +--------+--------+--------+--------+--------+-----+--------+
         Total |   2581 |   2448 |    133 |     34 |   1973 |   4 |  645.2 |
       Dungeon |   2581 |   2448 |    133 |     34 |   1973 |   4 |  645.2 |
               +--------+--------+--------+--------+--------+-----+--------+

Top non-repeatable levels by time:
     D:2: 1067 daAuts
     D:3: 767 daAuts
     D:1: 696 daAuts
     D:4: 50 daAuts
